 Dungeon Crawl Stone Soup version 0.20-a0-941-gba1b1f9 (webtiles) character file.

92 tarabluh the Conjurer (level 4, 0/24 HPs)
             Began as a Deep Elf Fire Elementalist on Mar 31, 2017.
             Slain by a hippogriff (8 damage)
             ... on level 2 of the Dungeon.
             The game lasted 00:03:36 (1811 turns).

tarabluh the Conjurer (Deep Elf Fire Elementalist)  Turns: 1811, Time: 00:03:37

Health: 0/24       AC:  3    Str:  5    XL:     4   Next: 35%
Magic:  2/10       EV: 13    Int: 21    God:
Gold:   58         SH:  0    Dex: 15    Spells: 2/9 levels left

rFire    . . .     SeeInvis .   w - +1 dagger (freeze)
rCold    . . .     Gourm    .   (no shield)
rNeg     . . .     Faith    .   a - +0 robe
rPois    .         Spirit   .   (no helmet)
rElec    .         Reflect  .   (no cloak)
rCorr    .         Harm     .   u - +0 pair of gloves
MR       .....     Rnd*Tele +   (no boots)
Stlth    ++........             (no amulet)
Regen    0.1/turn               q - ring of teleportation (curse)
MPRegen  0.2/turn               (no ring)

@: no status effects
A: no striking features
a: no special abilities


You were on level 2 of the Dungeon.
You were hungry.

You visited 1 branch of the dungeon, and saw 2 of its levels.

You collected 58 gold pieces.

Inventory:

Hand Weapons
 w - a +1 dagger of freezing (weapon)
Missiles
 n - 6 javelins (quivered)
Armour
 a - a +0 robe (worn)
 u - a +0 pair of gloves (worn)
Jewellery
 q - a cursed ring of teleportation (left hand)
Scrolls
 d - 2 scrolls of magic mapping {unknown}
 e - 2 scrolls of identify {unknown}
 g - a scroll of random uselessness {unknown}
 h - a scroll of teleportation {unknown}
 o - a scroll of immolation {unknown}
 t - a scroll of enchant armour {unknown}
Potions
 i - a potion of mutation {unknown}
 j - a potion of haste {unknown}
 k - a potion of brilliance {unknown}
 l - a potion of experience {unknown}
 p - a potion of curing {unknown}
 r - a potion of flight {unknown}
Books
 b - a book of Flames

   Spells                             Type                      Level
   a - Flame Tongue                   Conjuration/Fire             1
   b - Throw Flame                    Conjuration/Fire             2
   c - Conjure Flame                  Conjuration/Fire             3
   d - Inner Flame                    Hexes/Fire                   3
   e - Sticky Flame                   Conjuration/Fire             4
   f - Fireball                       Conjuration/Fire             5
Comestibles
 c - 2 bread rations
 f - 2 meat rations
 m - 3 fruits
 v - a royal jelly


   Skills:
 - Level 2.4 Dodging
 - Level 2.4 Stealth
 - Level 3.0 Spellcasting
 * Level 4.7 Conjurations
 - Level 3.2 Fire Magic


You had 2 spell levels left.
You knew the following spells:

 Your Spells              Type           Power        Failure   Level  Hunger
a - Flame Tongue          Conj/Fire      ###..        2%          1    None
b - Conjure Flame         Conj/Fire      ###.....     10%         3    ###....
c - Inner Flame           Hex/Fire       ##......     24%         3    ###....


Dungeon Overview and Level Annotations

Branches:
Dungeon (2/15)

Altars:
Kikubaaqudgha
Qazlal
The Shining One


Message History

Aiming: Conjure Flame
Press: ? - help, Dir - move target cursor The fire ignites!
You closely miss the kobold. The kobold misses you.
You hit the kobold. You freeze the kobold.
The kobold is severely wounded.
The kobold hits you.
You barely miss the hippogriff.
The hippogriff is lightly wounded.
The kobold closely misses you.
The hippogriff is engulfed in blazing flames.
The hippogriff barely misses you. The hippogriff pecks you!
The hippogriff claws you.
Your magical contamination has completely faded away.
You hit the kobold but do no damage.
The kobold is severely wounded.
The kobold hits you but does no damage.
The hippogriff is engulfed in blazing flames.
The hippogriff bites you!
You die...

#.##### ######### #.......#'#
#.....# #.......# #.###.)##†#
#..##.# #.......###.# #..#.).
...##.# #...........###.#####
♣.....# #.......###.....#....
...#..# #.........####..'....
♣..#..# ##......#.# #..######
...#..# #.K.##.#.# #..#(....
......# #..@##.#.# #..#(...l
.###.## #...HS.#.# #..#[.... .#
#.## #..##l.#.# #..###### ##
#..## #..##..#.# #...'...
####...#######..).....###...#
'...#†..................'...#####
####.....#########...####....#...
# ##..#.# #..## ##...##.# ##...#
#.## ##...#'#


You could see a hippogriff, an adder, a leopard gecko and a kobold.

Vanquished Creatures
  An adder (D:2)
  A gnoll (D:1)
  2 oozes
  A worm (D:2)
  A dart slug (D:2)
  A leopard gecko (D:1)
  6 giant cockroaches
  5 goblins
  5 hobgoblins
  7 jackals
  7 kobolds
  A quokka (D:2)
  7 bats
  6 frilled lizards
  9 rats
60 creatures vanquished.

Notes
Turn   | Place    | Note
-------+----------+-------------------------------------------
     0 | D:1      | tarabluh the Deep Elf Fire Elementalist began the quest for the Orb.
     0 | D:1      | Reached XP level 1. HP: 10/10 MP: 6/6
   165 | D:1      | Reached skill level 2 in Conjurations
   251 | D:1      | Reached XP level 2. HP: 15/15 MP: 5/8
   546 | D:1      | Reached skill level 3 in Conjurations
   659 | D:1      | Reached XP level 3. HP: 19/19 MP: 6/9
   703 | D:1      | Learned a level 3 spell: Conjure Flame
   707 | D:1      | Learned a level 3 spell: Inner Flame
   900 | D:2      | Found a glowing golden altar of the Shining One.
   900 | D:2      | Found an ancient bone altar of Kikubaaqudgha.
   900 | D:2      | Found a stormy altar of Qazlal.
  1116 | D:2      | Reached skill level 4 in Conjurations
  1302 | D:2      | Reached XP level 4. HP: 23/24 MP: 3/10
  1775 | D:2      | Noticed a hippogriff
  1811 | D:2      | Slain by a hippogriff

Vault maps used:
D:1:      nagdon_arrival_double_spiral
D:2:      gammafunk_temple_overflow_claw, chequers_ecumenical_altar_grove,
          grunt_ministairs_5, minmay_divided_ellipse

Skill      XL: |  1  2  3 |
---------------+----------+-----
Conjurations   | 2 3 4 |  4.7
Dodging        | |  2.4
Stealth        | |  2.4
Spellcasting   | |  3.0
Fire Magic     | |  3.2

Action                   |  1- 3 |  4- 6 || total
-------------------------+-------+-------++-------
Melee: Unarmed           |     2 |       ||     2
       Dagger            |     8 |    41 ||    49
 Cast: Flame Tongue      |    62 |    29 ||    91
       Conjure Flame     |       |     2 ||     2
 Stab: Sleeping          |     2 |       ||     2
  Eat: Chunk             |     1 |     1 ||     2
Armor: Robe              |     5 |    15 ||    20
Dodge: Dodged            |    25 |    38 ||    63
